AoeStats
← Laninadlatic

Black Forest

509361865Analyzed
2v2 RM · 6d ago on Sep 26, 2026· 45m 30s· 4 players
Game mode
Random Map
Map size
Medium (4 player)
Population
200
Speed
Normal
Resources
Standard
Victory
Conquest
Starting age
Dark Age
Ending age
Imperial Age
RankedLock teamsTeams togetherTeam positionsShared explorationLock speedFull tech treeHidden civsTurbo modeCheats
Victory
Defeat
🇩🇪 Vietnamese · Germany
809
+13
🇪🇸 Britons · Spain
773
+14
🇨🇱 Mapuche · Chile
757
-14
🇬🇧 Varangians · United Kingdom
731
-13
Laninadlatic
0:33 Loom
15:23 Feudal Age
18:47 Double-Bit Axe
22:17 Castle Age
20:41 Stone Mining
21:21 Gold Mining
22:06 Horse Collar
23:03 Wheelbarrow
23:29 Bow Saw
25:53 Gold Shaft Mining
31:01 Ballistics
30:38 Murder Holes
30:06 Pikeman
30:47 Squires
31:54 Fortified Wall
35:58 Imperial Age
33:57 Fletching
34:45 Padded Archer Armor
34:41 Bodkin Arrow
34:48 Scale Mail Armor
34:59 Town Watch
35:57 Hand Cart
38:57 Bracer
39:13 Leather Archer Armor
39:09 Forging
41:10 Chemistry
40:12 Halberdier
42:47 Elite Longbowman
43:48 Yeomen
45:24 Ring Archer Armor
marcmywords
0:26 Loom
11:39 Feudal Age
13:00 Town Watch
16:26 Castle Age
14:16 Double-Bit Axe
14:17 Horse Collar
17:38 Wheelbarrow
17:22 Bow Saw
17:59 Wheelbarrow
17:48 Gold Mining
18:36 Scale Barding Armor
21:52 Heavy Plow
26:08 Husbandry
28:40 Bloodlines
30:57 Hand Cart
31:22 Chain Barding Armor
31:13 Forging
30:54 Fletching
32:07 Town Patrol
32:12 Stone Mining
34:10 Iron Casting
33:30 Bodkin Arrow
33:38 Herbal Medicine
34:06 Chatras
36:56 Imperial Age
37:47 Stone Shaft Mining
38:27 Plate Barding Armor
37:16 Elite Battle Elephant
39:25 Chemistry
38:45 Ballistics
38:32 Siege Engineers
38:25 Murder Holes
38:41 Masonry
38:52 Ballistics
38:03 Capped Ram
39:15 Bodkin Arrow
39:21 Padded Archer Armor
41:11 Paper Money
41:02 Thumb Ring
40:18 Elite Skirmisher
41:17 Leather Archer Armor
41:36 Imperial Skirmisher
44:33 Bracer
45:03 Ring Archer Armor
patitocarlos
0:40 Loom
deano earlhs
2:04 Loom
9:12 Loom
13:50 Feudal Age
16:20 Wheelbarrow
16:12 Stone Mining
16:15 Double-Bit Axe
23:04 Castle Age
24:18 Scale Mail Armor
24:32 Forging
24:31 Scale Barding Armor
24:27 Padded Archer Armor
26:19 Arson
28:31 Hand Cart
29:22 Stone Shaft Mining
31:13 Bow Saw
30:47 Horse Collar
37:43 Imperial Age
35:02 Town Watch
35:41 Fortified Wall
35:12 Treadmill Crane
37:04 Heavy Plow
40:41 Heated Shot
42:15 Chemistry
41:30 Elite Varangian Guard
Connection lost

Rejoining the realm…

Still unreachable

The connection could not be restored.

Session expired

The server has moved on; the page needs a fresh start.